 Dungeon Crawl Stone Soup version 0.29.1-2-gbd0b4ee654 (webtiles) character file.

Game seed: 12430471596165545988

48 DildoBatman the Conjurer (level 4, 0/32 HPs)
             Began as a Formicid Conjurer on Nov 25, 2022.
             Slain by an orc
             ... wielding a +0 dagger
              (4 damage)
             ... on level 4 of the Dungeon.
             The game lasted 00:02:46 (1481 turns).

DildoBatman the Conjurer (Formicid Conjurer)        Turns: 1481, Time: 00:02:47

Health: 0/32       AC:  2    Str: 12    XL:     4   Next: 0%
Magic:  8/8        EV: 12    Int: 25    God:
Gold:   139        SH:  0    Dex: 12    Spells: 5/8 levels left

rFire   . . .      SeeInvis +   a - +0 sling
rCold   . . .      Faith    .   (no shield)
rNeg    . . .      Spirit   .   p - +0 robe
rPois   .          Reflect  .   (helmet unavailable)
rElec   .          Harm     .   (no cloak)
rCorr   +          Rampage  .   (no gloves)
Will    .....                   (no boots)
Stlth   ++........              r - amulet of regeneration
HPRegen 0.90/turn               f - ring of resist corrosion
MPRegen 0.11/turn               n - +6 ring of intelligence

@: no status effects
A: permanent stasis, dig shafts and tunnels, antennae 3, four strong arms
a: Dig, Shaft Self


You were on level 4 of the Dungeon.
You visited 1 branch of the dungeon, and saw 4 of its levels.

You collected 139 gold pieces.

Inventory:

Hand Weapons
 a - a +0 sling (weapon)
 g - a +0 spear
Missiles
 j - 24 stones
Armour
 p - a +0 robe (worn)
Jewellery
 f - a ring of resist corrosion (left hand)
 n - a +6 ring of intelligence (right hand)
 r - an amulet of regeneration (around neck)
Scrolls
 h - a scroll of summoning {unknown}
 k - a scroll of noise {unknown}
 o - a scroll of teleportation {unknown}
Potions
 b - a potion of magic
 c - a potion of degeneration {unknown}
 d - a potion of brilliance {unknown}
 e - 4 potions of ambrosia {unknown}
 i - 2 potions of attraction {unknown}
 l - 2 potions of curing {unknown}
 m - a potion of lignification {unknown}


   Skills:
 * Level 1.4 Fighting
 * Level 1.4 Armour
 - Level 2.0 Dodging
 - Level 2.4 Stealth
 * Level 2.7 Spellcasting
 * Level 3.9 Conjurations


You had 5 spell levels left.
You knew the following spells:

 Your Spells              Type           Power      Damage    Failure   Level
a - Searing Ray           Conj           46%        2d6       3%          2
c - Magic Dart            Conj           92%        1d7       1%          1

Your spell library contained the following spells:

 Spells                   Type           Power      Damage    Failure   Level
 Dazzling Flash           Conj/Hex       26%        N/A       14%         3
 Fulminant Prism          Conj/Hex       6%         3d7       43%         4
 Iskenderun's Mystic Bla  Conj/Tloc      13%        2d5       43%         4


Dungeon Overview and Level Annotations

Branches:
Dungeon (4/15)
 Temple: D:4-7

Altars:


Innate Abilities, Weirdness & Mutations

You cannot be hasted, slowed, berserked, paralysed or teleported.
You can dig through walls and to a lower floor.
You have a pair of large antennae on your head. (SInv)
Your four strong arms can wield two-handed weapons with a shield.


Message History

t - Shout!
Orders for allies: a - Attack new target. r - Retreat! s - Stop attacking. g - Guard the area. f - Follow me.
Anything else - Cancel.
You shout for attention!
The orc barely misses you. What are your orders? t - Shout!
Orders for allies: a - Attack new target. r - Retreat! s - Stop attacking. g - Guard the area. f - Follow me.
Anything else - Cancel.
You shout for attention!
The orc hits you with a +0 dagger. What are your orders? t - Shout!
Orders for allies: a - Attack new target. r - Retreat! s - Stop attacking. g - Guard the area. f - Follow me.
Anything else - Cancel.
You shout for attention!
The orc hits you with a +0 dagger. What are your orders? t - Shout!
Orders for allies: a - Attack new target. r - Retreat! s - Stop attacking. g - Guard the area. f - Follow me.
Anything else - Cancel.
You shout for attention!
The orc misses you. What are your orders? t - Shout!
Orders for allies: a - Attack new target. r - Retreat! s - Stop attacking. g - Guard the area. f - Follow me.
Anything else - Cancel.
You shout for attention!
The orc hits you with a +0 dagger.
You die...

# #. . #.
##+##.######
..........(+
.......@...#
.......o...#
##...$.....#
#....##..##
#.... ..#
...... ...
##>>. ....
#... ...##


You could see an orc.

Vanquished Creatures
  A worm (D:2)
  A dart slug (D:1)
  6 ball pythons
  4 endoplasms
  3 giant cockroaches (D:1)
  2 hobgoblins (D:1)
  4 jackals
  A quokka (D:2)
  3 bats
  A frilled lizard (D:2)
  4 goblins (D:2)
  5 kobolds
  4 rats
39 creatures vanquished.

Notes
Turn   | Place    | Note
-------+----------+-------------------------------------------
     0 | D:1      | DildoBatman the Formicid Conjurer began the quest for the
                  | Orb.
     0 | D:1      | Reached XP level 1. HP: 13/13 MP: 3/3
   339 | D:1      | Reached XP level 2. HP: 20/20 MP: 1/5
   351 | D:1      | Learned a level 2 spell: Searing Ray
   486 | D:1      | Found a faded altar of an unknown god.
   826 | D:1      | Reached skill level 1 in Fighting
   882 | D:2      | Reached skill level 1 in Armour
   882 | D:2      | Reached XP level 3. HP: 20/26 MP: 2/6
  1410 | D:2      | Reached XP level 4. HP: 32/32 MP: 8/8
  1412 | D:2      | You fall into a shaft and drop 1 floor!
  1417 | D:3      | You fall into a shaft and drop 1 floor!
  1481 | D:4      | Slain by an orc

Illustrated notes

Levels and vault maps discovered:
D:1:      lemuel_arrival_funnel, layout_basic,
          shapermc_ecumenical_altar_mp_vishouse, chequers_serial_rivers_micro_d
D:2:      layout_basic, dk_noncrumbling_4, kennysheep_another_room, st_stairs_9
D:3:      layout_basic, serial_curves, eino_curves_04, eino_curves_03,
          uniq_grinder, uniq_natasha
D:4:      layout_gridville, mainiacjoe_overflow_alcove_1,
          pdpol_wu_jian_five_deadly_venoms, uniq_crazy_yiuf_cottage

Skill      XL: |  1  2 |
---------------+-------+-----
Dodging        | 2 |  2.0
Fighting       | 1 |  1.4
Armour         | 1 |  1.4
Stealth        | |  2.4
Spellcasting   | |  2.7
Conjurations   | |  3.9

Action                   |  1- 3 |  4- 6 || total
-------------------------+-------+-------++-------
Melee: Unarmed           |     5 |       ||     5
       Spear             |    68 |       ||    68
 Fire: Sling             |     5 |       ||     5
 Cast: Magic Dart        |    21 |       ||    21
       Searing Ray       |     4 |       ||     4
 Abil: Shaft Self        |       |     2 ||     2
 Stab: Sleeping          |     3 |       ||     3
Armor: Robe              |    15 |     4 ||    19
Dodge: Dodged            |    50 |    19 ||    69
